 Dungeon Crawl Stone Soup version 0.23.2-1-ga50397a (webtiles) character file.

Game seed: 10453684080472369002

64 IBeShadow the Charmwright (level 4, -3/38 HPs)
             Began as a Gnoll Skald on May 28, 2019.
             Killed from afar by Natasha (7 damage)
             ... with a magic dart
             ... on level 2 of the Dungeon.
             The game lasted 00:02:13 (1643 turns).

IBeShadow the Charmwright (Gnoll Skald)             Turns: 1643, Time: 00:02:14

Health: -3/38      AC:  9    Str: 13 (15) XL:     4   Next: 12%
Magic:  11/11      EV: 10    Int: 12 (15) God:
Gold:   75         SH:  0    Dex: 13 (14) Spells: 12/13 levels left

rFire    . . .     SeeInvis .   a - +0 spear
rCold    . . .     Gourm    .   (no shield)
rNeg     . . .     Faith    .   h - +0 scale mail
rPois    .         Spirit   .   k - +1 hat
rElec    .         Reflect  .   f - +1 cloak
rCorr    .         Harm     .   (no gloves)
MR       .....                  (no boots)
Stlth    ..........             (no amulet)
HPRegen  0.12/turn              l - ring of flight
MPRegen  0.12/turn              (no ring)

@: slowed, heavily drained, very slow
A: distributed training, fangs 1, strong nose
a: Evoke Flight


You were on level 2 of the Dungeon.
You were hungry.

You visited 1 branch of the dungeon, and saw 2 of its levels.

You collected 75 gold pieces.

Inventory:

Hand Weapons
 a - a +0 spear (weapon)
Missiles
 e - 2 throwing nets (quivered)
Armour
 b - a +0 leather armour
 f - a +1 cloak (worn)
 h - a +0 scale mail (worn)
 k - a +1 hat (worn)
Jewellery
 l - a ring of flight (left hand)
Wands
 i - a wand of clouds (2)
Scrolls
 g - 2 scrolls of identify {unknown}
 n - a scroll of remove curse {unknown}
Potions
 c - 3 potions of degeneration
 m - a potion of magic {unknown}
Comestibles
 d - 3 rations


   Skills:
 + Level 4.6(2.8) Fighting
 + Level 1.0(0.0) Short Blades
 + Level 1.0(0.0) Long Blades
 + Level 1.0(0.0) Axes
 + Level 1.0(0.0) Maces & Flails
 + Level 4.6(2.8) Polearms
 + Level 1.0(0.0) Staves
 + Level 1.0(0.0) Slings
 + Level 1.0(0.0) Bows
 + Level 1.0(0.0) Crossbows
 + Level 1.0(0.0) Throwing
 + Level 2.7(1.0) Armour
 + Level 4.6(2.8) Dodging
 + Level 1.0(0.0) Stealth
 + Level 1.0(0.0) Shields
 + Level 1.0(0.0) Unarmed Combat
 + Level 5.0(3.3) Spellcasting
 + Level 0.7(0.0) Conjurations
 + Level 0.7(0.0) Hexes
 + Level 5.4(3.6) Charms
 + Level 0.7(0.0) Summonings
 + Level 0.7(0.0) Necromancy
 + Level 0.7(0.0) Translocations
 + Level 0.7(0.0) Transmutations
 + Level 0.7(0.0) Fire Magic
 + Level 0.7(0.0) Ice Magic
 + Level 0.7(0.0) Air Magic
 + Level 0.7(0.0) Earth Magic
 + Level 0.7(0.0) Poison Magic
 + Level 1.1(0.0) Invocations
 + Level 1.0(0.0) Evocations


You had 12 spell levels left.
You knew the following spells:

 Your Spells              Type           Power        Failure   Level  Hunger
a - Infusion              Chrm           ##..         26%         1    #......

Your spell library contained the following spells:

 Spells                   Type           Power        Failure   Level  Hunger
 Song of Slaying          Chrm           ##......     36%         2    ###....
 Shroud of Golubria       Chrm/Tloc      #.........   63%         2    ###....
 Regeneration             Chrm/Necr      #.........   86%         3    ###....
 Spectral Weapon          Hex/Chrm       #.......     86%         3    ###....


Dungeon Overview and Level Annotations

Branches:
Dungeon (2/15)

Altars:
Uskayaw
Zin

Annotations:
D:2 Natasha


Innate Abilities, Weirdness & Mutations

Your experience applies equally to all skills.
You have very sharp teeth.
Your uncanny sense of smell can sniff out nearby items.


Message History

You feel better. Natasha barely misses you.
You barely miss Natasha.
Natasha is heavily wounded.
Natasha closely misses you. Natasha claws you but does no damage.
You hit Natasha.
Natasha is heavily wounded.
Natasha claws you.
You hit Natasha but do no damage.
Natasha is heavily wounded.
Natasha claws you.
* * * LOW HITPOINT WARNING * * *
Natasha stares at you and mumbles some strange words.
The magic dart hits you!
* * * LOW HITPOINT WARNING * * *
It was a potion of degeneration.
There was something very wrong with that liquid.
You feel weakened.
You feel dopey.
You feel clumsy.
Natasha stares at you and mumbles some strange words.
The magic dart hits you!
You die...

#...........## #........
..............###........
...............##........
.........................
####
.........####.####..)...
...# ......[..# #.# #......
...# ......##.# #.## #......
...#
......h..###...###......
...#
#######@....._..........
...#
#....###.###...###.#....
...#### #....###.# ##.
#.#.... ......# #........#
.# #.#.... ......#
#........####.####.###.(
......# #.................
#.. ......#
#................# #..
......####................#
##.
.รท........................#
#.


You could see Natasha.

Vanquished Creatures
  Natasha (D:2)
  3 dart slugs (D:1)
  A leopard gecko (D:1)
  2 giant cockroaches (D:2)
  3 goblins
  5 hobgoblins
  3 jackals (D:1)
  A quokka (D:2)
  3 bats
  6 frilled lizards
  2 kobolds
  4 rats
34 creatures vanquished.

Notes
Turn   | Place    | Note
-------+----------+-------------------------------------------
     0 | D:1      | IBeShadow the Gnoll Skald began the quest for the Orb.
     0 | D:1      | Reached XP level 1. HP: 20/20 MP: 6/6
    86 | D:1      | Reached XP level 2. HP: 16/26 MP: 7/7
   477 | D:1      | Reached XP level 3. HP: 11/31 MP: 9/9
  1098 | D:2      | Reached skill level 5 in Spellcasting
  1138 | D:2      | Found a glowing silver altar of Zin.
  1195 | D:2      | Found a hide-covered altar of Uskayaw.
  1294 | D:2      | Reached skill level 1 in Invocations
  1303 | D:2      | Noticed Natasha
  1324 | D:2      | Killed Natasha
  1324 | D:2      | Reached skill level 1 in Short Blades
  1324 | D:2      | Reached skill level 1 in Long Blades
  1324 | D:2      | Reached skill level 1 in Axes
  1324 | D:2      | Reached skill level 1 in Maces & Flails
  1324 | D:2      | Reached skill level 1 in Staves
  1324 | D:2      | Reached skill level 1 in Slings
  1324 | D:2      | Reached skill level 1 in Bows
  1324 | D:2      | Reached skill level 1 in Crossbows
  1324 | D:2      | Reached skill level 1 in Throwing
  1324 | D:2      | Reached skill level 1 in Stealth
  1324 | D:2      | Reached skill level 1 in Shields
  1324 | D:2      | Reached skill level 1 in Unarmed Combat
  1324 | D:2      | Reached skill level 1 in Evocations
  1324 | D:2      | Reached XP level 4. HP: 7/38 MP: 11/11
  1627 | D:2      | Noticed Natasha
  1643 | D:2      | Killed from afar by Natasha

Skill      XL: |  1  2  3 |
---------------+----------+-----
Spellcasting   | 5 |  5.0
Invocations    | 1 |  1.1
Short Blades   | 1 |  1.0
Long Blades    | 1 |  1.0
Axes           | 1 |  1.0
Maces & Flails | 1 |  1.0
Staves         | 1 |  1.0
Slings         | 1 |  1.0
Bows           | 1 |  1.0
Crossbows      | 1 |  1.0
Throwing       | 1 |  1.0
Stealth        | 1 |  1.0
Shields        | 1 |  1.0
Unarmed Combat | 1 |  1.0
Evocations     | 1 |  1.0
Fighting       | |  4.6
Polearms       | |  4.6
Armour         | |  2.7
Dodging        | |  4.6
Conjurations   | |  0.7
Hexes          | |  0.7
Charms         | |  5.4
Summonings     | |  0.7
Necromancy     | |  0.7
Translocations | |  0.7
Transmutations | |  0.7
Fire Magic     | |  0.7
Ice Magic      | |  0.7
Air Magic      | |  0.7
Earth Magic    | |  0.7
Poison Magic   | |  0.7

Action                   |  1- 3 |  4- 6 || total
-------------------------+-------+-------++-------
Melee: Spear             |   170 |    12 ||   182
       Bite              |    21 |       ||    21
  Use: Potion            |       |     2 ||     2
 Stab: Sleeping          |     1 |       ||     1
  Eat: Chunk             |     1 |     1 ||     2
Armor: Leather armour    |    20 |       ||    20
       Scale mail        |    17 |     2 ||    19
Dodge: Dodged            |   118 |     5 ||   123
